 Dungeon Crawl Stone Soup version 0.30-a0-457-g4b7bca3bfa (webtiles) character file.

Game seed: 12017411756816477866

942 kae the Changer (level 7, -1/49 HPs)
             Began as a Grey Draconian Transmuter on Dec 13, 2022.
             Was an Initiate of Ru.
             Slain by Pikel
             ... wielding a +0 whip of freezing
              (3 damage)
             ... on level 5 of the Dungeon.
             The game lasted 00:04:56 (5779 turns).

kae the Changer (Grey Draconian Transmuter)         Turns: 5779, Time: 00:04:56

Health: -1/49      AC:  7    Str: 12    XL:     7   Next: 88%
Magic:  11/13      EV: 10    Int: 16    God:    Ru [......]
Gold:   211        SH:  0    Dex: 11    Spells: 4/14 levels left

rFire   x . .      SeeInvis +      - Unarmed
rCold   + + +      Faith    .    (shield currently unavailable)
rNeg    . . .      Spirit   .    (body armour unavailable)
rPois   +          Reflect  .    (helmet currently unavailable)
rElec   .          Harm     .    (cloak currently unavailable)
rCorr   .          Rampage  .    (gloves currently unavailable)
Will    .....                    (boots currently unavailable)
Stlth   +.........               (no amulet)
HPRegen 0.28/turn                (no ring)
MPRegen 0.13/turn                (no ring)

@: ice-form
A: freezing attack, boosted hp, AC +11, amphibious, large, unfitting armour,
(cold-blooded), see invisible, frail 2
a: End Transformation, Renounce Religion


You were on level 5 of the Dungeon.
You worshipped Ru.
Ru was noncommittal.
You were a creature of crystalline ice.
You visited 2 branches of the dungeon, and saw 6 of its levels.

You collected 211 gold pieces.


Innate Abilities, Weirdness & Mutations

You are a creature of crystalline ice.
You have a powerful freezing melee attack.
Your maximum health is increased.
Your armour is entirely melded.
You are incapable of wielding weapons or throwing items.
((Your dull iron-grey scales are very hard. (AC +11)))
You are amphibious.
You cannot fit into any form of body armour.
((You are cold-blooded and may be slowed by cold attacks.))
You have supernaturally acute eyesight. (SInv)
You are very frail. (-20% HP)


   Skills:
 - Level 1.1 Fighting
 - Level 1.7 Dodging
 - Level 3.0 Unarmed Combat
 + Level 4.3 Spellcasting
 * Level 6.4 Transmutations
 * Level 4.3 Ice Magic
 - Level 1.7 Poison Magic


You had 4 spell levels left.
You knew the following spells:

 Your Spells              Type           Power      Damage    Failure   Level
a - Beastly Appendage     Tmut           48%        N/A       1%          1
b - Wereblood             Tmut           24%        N/A       1%          2
c - Spider Form           Tmut/Pois      16%        N/A       9%          3
d - Ice Form              Ice/Tmut       20%        N/A       19%         4

Your spell library contained the following spells:

 Spells                   Type           Power      Damage    Failure   Level
 Magic Dart               Conj           12%        1d3       17%         1
 Call Imp                 Summ           3%         N/A       26%         2
 Mephitic Cloud           Conj/Pois/Air  5%         N/A       36%         3
 Gell's Gravitas          Tloc           3%         N/A       45%         3
 Teleport Other           Tloc           3%         N/A       45%         3
 Dispersal                Tloc           1%         N/A       100%        6

Inventory:

Missiles
 c - 50 stones
 i - 5 poisoned darts
 j - a throwing net {=f!f}
 l - 4 curare-tipped darts {=f}
Magical Staves
 d - a staff of earth {!a}
   (You found it on level 4 of the Dungeon)
Scrolls
 g - a scroll of teleportation {@r4}
 h - 2 scrolls of summoning
Potions
 a - a potion of lignification {!q}
 b - 2 potions of mutation {!q}
 e - 4 potions of curing {@q1}
 f - a potion of flight
 k - a potion of cancellation
 m - a potion of magic

Dungeon Overview and Level Annotations

Branches:
Dungeon (5/15) Zot: 24371  Temple (1/1) D:4 Zot: 5863

Altars:
Cheibriados
Dithmenos
Elyvilon
Fedhas
Gozag
Hepliaklqana
Kikubaaqudgha
Ru
Sif Muna
Vehumet
Wu Jian
Xom
Yredelemnul
The Shining One

Shops:
D:1 (

Annotations:
D:5 Pikel, Prince Ribbit, Sigmund

############
##.(........##
##............##
#............:.#
#..............#
#..............#
#........K.....#
#!...$.hY......#
##....<.......##
##..........##
#....#########
#.### #


You could see Pikel and a jackal.


Message History

You take 3 damage, and now have 17/49 hp.
You punch the black bear! You freeze the black bear.
The black bear bites you but does no damage.
The black bear claws you but does no damage.
The black bear claws you.
* * * LOW HITPOINT WARNING * * *
😨 HP[-2]
You take 2 damage, and now have 15/49 hp.
You completely miss the black bear. The black bear barely misses you.
The black bear claws you but does no damage.
The black bear barely misses you.
Unknown command.
You punch the black bear! You freeze the black bear.
The black bear barely misses you. The black bear claws you.
* * * LOW HITPOINT WARNING * * *
The black bear claws you but does no damage. 😨 HP[-2]
You take 2 damage, and now have 13/49 hp.
You punch the black bear! You freeze the black bear.
You kill the black bear!
You start resting. 😨 HP[+3] MP[+2]
You regained 3 hp, and now have 16/49 hp.
Your mp is fully restored (13).
There is a stone staircase leading down here. 😨 HP[+1]
You start resting.
Your transformation is almost over.
You warm up again. 😕 HP[+17]
You now have 41 max hp (-8).
You regained 17 hp, and now have 34/41 hp.
Done exploring.
Done exploring.
You start resting. 😎 HP[+7]
Your hp is fully restored (41).
Casting: Ice Form (quite dangerous; 19% risk of failure)
Confirm with . or Enter, or press ? or * to list all spells.
The spell is quite dangerous to miscast (19% risk of failure)!
Continue anyway? [Y]es or [N]o only, please.
The spell is quite dangerous to miscast (19% risk of failure)!
Continue anyway? [Y]es or [N]o only, please.
The spell is quite dangerous to miscast (19% risk of failure)!
Continue anyway?
You turn into a creature of crystalline ice. 😎 HP[+8] MP[-4]
You now have 49 max hp (+8).
Your hp is fully restored (49).
You lost 4 mp, and now have 9/13 mp.
You climb downwards.
Level annotation: Pikel, Prince Ribbit, Sigmund A jackal comes into view.
There is a stone staircase leading up here.
Pikel hits you with a +0 whip of freezing. 😕 HP[-3]
You take 3 damage, and now have 46/49 hp.
You hit Pikel but do no damage.
Pikel zaps a wand.
The puff of flame hits you. The fire burns you terribly!
You hit Pikel. You freeze Pikel.
Pikel zaps a wand.
The puff of flame hits you! The fire burns you terribly!
You closely miss Pikel.
Pikel hits you with a +0 whip of freezing.
The jackal closely misses you. 😮 HP[-12] MP[+1]
You take 12 damage, and now have 34/49 hp.
MASSIVE DAMAGE!! (PAUSE)
You hit Pikel. You freeze Pikel. The jackal bites you.
Pikel hits you with a +0 whip of freezing. 😮 HP[-7]
You take 7 damage, and now have 27/49 hp.
You punch Pikel! You freeze Pikel.
The jackal closely misses you. 😮 HP[+1] Unknown command.
You punch Pikel! You freeze Pikel. The jackal closely misses you.
Pikel barely misses you.
The jackal bites you but does no damage.
Unknown command.
You barely miss Pikel.
Pikel zaps a wand.
The puff of flame hits you! The fire burns you terribly!
* * * LOW HITPOINT WARNING * * *
The jackal closely misses you.
You hit Pikel. You freeze Pikel.
Pikel hits you with a +0 whip of freezing!
* * * LOW HITPOINT WARNING * * *
The jackal bites you but does no damage. 😱 HP[-19]
You take 19 damage, and now have 9/49 hp.
MASSIVE DAMAGE!! (PAUSE)
You hit Pikel but do no damage. The jackal barely misses you.
Pikel hits you with a +0 whip of freezing!
* * * LOW HITPOINT WARNING * * *
The jackal bites you but does no damage. 😱 HP[-7]
You take 7 damage, and now have 2/49 hp.
Unknown command.
You hit Pikel but do no damage.
Pikel hits you with a +0 whip of freezing.
You die...

Skill      XL: |  1  2  3  4  5  6  7 |
---------------+----------------------+-----
Transmutations | 3 4 5 6 |  6.4
Poison Magic   | 1 |  1.7
Spellcasting   | 3 4 |  4.3
Ice Magic      | 1 3 4 |  4.3
Fighting       | |  1.1
Dodging        | |  1.7
Unarmed Combat | |  3.0

Action                   |  1- 3 |  4- 6 |  7- 9 || total
-------------------------+-------+-------+-------++-------
Melee: Unarmed           |    94 |   157 |   146 ||   397
       Tailslap          |     7 |     8 |     8 ||    23
       Headbutt          |     8 |    12 |       ||    20
       Kick              |     5 |    17 |       ||    22
       Punch             |       |       |     1 ||     1
 Cast: Beastly Appendage |    16 |    17 |       ||    33
       Spider Form       |     3 |     9 |     6 ||    18
       Wereblood         |     2 |       |     1 ||     3
       Ice Form          |       |     3 |     5 ||     8
  Use: Scroll            |       |    11 |     1 ||    12
       Potion            |       |     2 |       ||     2
Armor: Skin              |    37 |    36 |    66 ||   139
Dodge: Dodged            |    63 |   119 |   107 ||   289

Levels and vault maps discovered:
D:1:      lemuel_arrival_lava_pool, layout_basic, serial_shops, shop,
          kennysheep_another_room
D:2:      layout_basic, chequers_serial_rivers_room_a, eino_curves_01
D:3:      layout_loops_ring, mainiacjoe_overflow_six_doors_small,
          nicolae_sif_muna_little_library, minmay_misc_feat_nine_boxes
D:4:      layout_layer_cave, minmay_temple_entry_drinking_statues,
          dreamdust_gnoll_farm, uniq_edmund
D:5:      layout_rooms, uniq_sigmund, uniq_prince_ribbit1, uniq_pikel
Temple:   hc_temple_tempest_star

Notes
Turn   | Place    | Note
-------+----------+-------------------------------------------
     0 | D:1      | kae the Draconian Transmuter began the quest for the Orb.
     0 | D:1      | Reached XP level 1. HP: 16/16 MP: 3/3
     0 | D:1      | magus.rc [v1.11.3]
   396 | D:1      | Reached XP level 2. HP: 21/23 MP: 3/5
   424 | D:1      | Found Tidize's Weapon Boutique.
   962 | D:2      | Noticed a necrophage
   997 | D:1      | Learned a level 2 spell: Wereblood
  1124 | D:2      | Reached skill level 3 in Transmutations
  1159 | D:2      | Reached XP level 3. HP: 18/28 MP: 4/6
  1163 | D:2      | Learned a level 3 spell: Spider Form
  1461 | D:2      | Reached XP level 4. HP: 35/35 MP: 4/8
  1606 | D:2      | Reached skill level 1 in Poison Magic
  1909 | D:2      | Reached skill level 4 in Transmutations
  2022 | D:2      | Reached skill level 3 in Spellcasting
  2213 | D:2      | Killed a necrophage
  2214 | D:2      | Reached XP level 5. HP: 30/40 MP: 6/9
  2255 | D:2      | Learned a level 4 spell: Ice Form
  2401 | D:3      | HP: 3/40 [orc wizard/+3 dagger of electrocution (17)]
  2404 | D:3      | Gained mutation: You are frail. (-10% HP) [potion of
                  | mutation]
  2404 | D:3      | Gained mutation: You are very frail. (-20% HP) [potion of
                  | mutation]
  2404 | D:3      | Gained mutation: You have supernaturally acute eyesight.
                  | (SInv) [potion of mutation]
  2404 | D:3      | HP: 1/32 [orc/+0 trident (3)]
  2686 | D:3      | You add the spells Gell's Gravitas, Teleport Other and
                  | Dispersal to your library.
  2728 | D:3      | Reached skill level 1 in Ice Magic
  2855 | D:3      | You pick up a book of Minor Magic and begin reading...
  2855 | D:3      | You add the spells Magic Dart, Call Imp and Mephitic Cloud
                  | to your library.
  2874 | D:3      | Found a glowing golden altar of the Shining One.
  3090 | D:3      | Found a shimmering blue altar of Sif Muna.
  3198 | D:4      | Noticed Edmund
  3355 | D:4      | Reached XP level 6. HP: 32/37 MP: 11/11
  3391 | D:4      | Killed Edmund
  3392 | D:4      | Reached skill level 5 in Transmutations
  3392 | D:4      | Reached skill level 2 in Ice Magic
  3726 | D:4      | Reached skill level 3 in Ice Magic
  3726 | D:4      | Your scales start taking on a dull iron-grey colour.
  3726 | D:4      | Reached XP level 7. HP: 36/41 MP: 7/12
  3892 | D:4      | Found a staircase to the Ecumenical Temple.
  3896 | Temple   | Entered the Ecumenical Temple
  4016 | Temple   | Became a worshipper of Ru the Awakened
  4184 | D:4      | Reached skill level 4 in Spellcasting
  4270 | D:4      | HP: 10/41 [poisoned by a kobold]
  4275 | D:4      | HP: 5/41 [poisoned by a kobold]
  4630 | D:4      | Reached skill level 6 in Transmutations
  5291 | D:5      | Entered Level 5 of the Dungeon
  5291 | D:5      | Noticed Sigmund
  5291 | D:5      | Noticed Prince Ribbit
  5332 | D:5      | Noticed Pikel
  5486 | D:4      | Reached skill level 4 in Ice Magic
  5489 | D:4      | HP: 10/49 [lemure[Pikel] (5)]
  5777 | D:5      | HP: 9/49 [Pikel/+0 whip of freezing (7)]
  5778 | D:5      | HP: 2/49 [Pikel/+0 whip of freezing (8)]
  5779 | D:5      | Slain by Pikel

Vanquished Creatures
  Edmund (D:4)
  A black bear (D:4)
  An ogre (D:4)
  4 lemures (D:4)
  A phantom (D:4)
  2 necrophages
  A howler monkey (D:4)
  2 hounds (D:4)
  2 iguanas (D:4)
  An orc wizard (D:3)
  8 adders
  11 gnolls
  An ufetubus (D:4)
  3 worms
  2 dart slugs (D:2)
  9 orcs
  7 ball pythons
  5 bats
  5 endoplasms
  2 giant cockroaches
  A goblin (D:2)
  6 hobgoblins
  6 jackals (D:1)
  3 quokkas
  2 frilled lizards
  4 kobolds
  4 rats (D:2)
95 creatures vanquished.

Vanquished Creatures (collateral kills)
  A kobold (D:4)
  A goblin (D:4)
2 creatures vanquished.

Vanquished Creatures (others)
  A fungus (D:4)
1 creature vanquished.

Grand Total: 98 creatures vanquished

Table legend:
 A = Non-vault XP
 B = Vault XP
 C = Vault XP percentage of total XP
 D = Non-vault monster count
 E = Vault monster count
 F = Vault count percentage of total count
                 A         B        C        D         E       F
            +---------+---------+-------+---------+---------+-------
      Total |    1033 |     313 |  23.3 |      86 |       7 |   7.5
            +---------+---------+-------+---------+---------+-------
        D:1 |      26 |       0 |   0.0 |      14 |       0 |   0.0
        D:2 |     232 |       0 |   0.0 |      29 |       0 |   0.0
        D:3 |      98 |       0 |   0.0 |      18 |       0 |   0.0
        D:4 |     677 |     299 |  30.6 |      25 |       6 |  19.4
     Temple |       0 |      14 | 100.0 |       0 |       1 | 100.0
            +---------+---------+-------+---------+---------+-------

Illustrated notes

Table legend:
 A = Kills in this place as a percentage of kills in entire the game.
 B = Kills by you in this place as a percentage of kills by you in the entire game.
 C = Kills by friends in this place as a percentage of kills by friends in the entire game.
 D = Other kills in this place as a percentage of other kills in the entire game.
 E = Experience gained in this place as a percentage of experience gained in the entire game.
 F = Experience gained in this place divided by the number of levels of this place that you have seen.
                   A       B       C       D       E      F
               +-------+-------+-------+-------+-------+----------------------
         Total | 100.0 | 100.0 | 100.0 |   N/A | 100.0 | 224.3
       Dungeon |  98.9 |  98.9 | 100.0 |   N/A |  99.0 | 266.4
        Temple |   1.1 |   1.1 |   0.0 |   N/A |   1.0 |  14.0
               +-------+-------+-------+-------+-------+----------------------

Table legend: (Time is in decaauts)
 A = Elapsed time spent in this place.
 B = Non-inter-level travel time spent in this place.
 C = Inter-level travel time spent in this place.
 D = Time resting spent in this place.
 E = Time spent auto-exploring this place.
 F = Levels seen in this place.
 G = Mean time per level.
                   A        B        C        D        E       F      G
               +--------+--------+--------+--------+--------+-----+--------+
         Total |   5764 |   5507 |    257 |    537 |   4044 |   6 |  960.7 |
       Dungeon |   5627 |   5386 |    241 |    537 |   3947 |   5 | 1125.4 |
        Temple |    136 |    120 |     16 |      0 |     97 |   1 |  136.0 |
               +--------+--------+--------+--------+--------+-----+--------+

Top non-repeatable levels by time:
     D:4: 2404 daAuts
     D:2: 1359 daAuts
     D:1: 999 daAuts
     D:3: 843 daAuts
  Temple: 136 daAuts
     D:5: 21 daAuts
